 Dungeon Crawl Stone Soup version 0.31-a0-177-g4aa6249778 (webtiles) character file.

Game seed: 5885138711045802359

5495 qw the Cleaver (level 10, -8/65 HPs)
             Began as a Gargoyle Fighter on June 18, 2023.
             Killed by divine providence
             ... invoked by an orc priest
              (17 damage)
             ... on level 10 of the Dungeon.
             The game lasted 00:03:52 (6494 turns).

qw the Cleaver (Gargoyle Fighter)                   Turns: 6494, Time: 00:03:53

Health: -8/65      AC: 37    Str: 29    XL:     10   Next: 69%
Magic:  10/10      EV: 13    Int:  8    God:
Gold:   1700       SH: 11    Dex:  9    Spells: 9/9 levels left

rFire   . . .        Y - +1 broad axe (protect)
rCold   . . .        a - +2 buckler {AC+3}
rNeg    + . .        u - +2 plate armour
rPois   inf          h - +2 helmet
rElec   +            (no cloak)
rCorr   .            v - +0 pair of gloves
SInv    .            (no boots)
Will    .....        q - amulet of reflection Stlth
                     w - +6 ring of strength
HPRegen 0.30/turn    A - +5 ring of evasion
MPRegen 0.12/turn

%: reflection
@: under a protective aura
A: sickness immunity, AC +7, negative energy resistance 1, electricity
resistance, torment resistance 1, petrification resistance, dopey 1, wild magic
1
a: no special abilities


You were on level 10 of the Dungeon.
You visited 2 branches of the dungeon, and saw 11 of its levels.

You collected 1700 gold pieces.


Innate Abilities, Weirdness & Mutations

You are immune to sickness and miasma.
Your stone body is resilient. (AC +7)
You are immune to poison.
You resist negative energy. (rN+)
You are resistant to electric shocks. (rElec)
You are resistant to unholy torment.
You are immune to petrification.
You are dopey. (Int -2)
Your spells are a little harder to cast, but a little more powerful.


   Skills:
 + Level 8.6 Fighting
 - Level 11.0 Axes
 - Level 1.0 Throwing
 - Level 7.0 Armour
 - Level 1.5 Dodging
 - Level 5.0 Shields


You had 9 spell levels left.
You didn't know any spells.
Your spell library was empty.

Inventory:

Hand Weapons
 b - a +0 morningstar
 Y - a +1 broad axe of protection (weapon)
Missiles
 l - 2 boomerangs (quivered)
Armour
 a - a +2 buckler of protection (worn)
 h - a +2 helmet (worn)
 u - a +2 plate armour (worn)
 v - a +0 pair of gloves (worn)
Jewellery
 o - a ring of ice
 q - an amulet of reflection (around neck)
 w - a +6 ring of strength (left hand)
 A - a +5 ring of evasion (right hand)
Scrolls
 k - 3 scrolls of teleportation
 n - a scroll of identify
Potions
 d - 2 potions of might
 e - a potion of resistance
 f - a potion of cancellation
 i - a potion of magic
 j - 2 potions of attraction
 p - a potion of enlightenment {unknown}
 s - a potion of lignification
 z - a potion of haste

Dungeon Overview and Level Annotations

Branches:
Dungeon (10/15)            Temple (1/1) D:4
   Lair: D:8-11         Orc: D:9-12

Altars:
Ashenzari
Cheibriados
Dithmenos
Elyvilon
Fedhas
Gozag
Kikubaaqudgha
Makhleb
Nemelex Xobeh
Qazlal
Ru
Sif Muna
Trog
Uskayaw
Vehumet
Wu Jian
Xom
Yredelemnul
Zin
The Shining One

Shops:
D:9 *

Annotations:
D:3 1 runed translucent door, Crazy Yiuf


Message History

You miss something. You completely miss something. You hit the orc priest.
You block the orc priest's attack.
An orc wizard comes into view. It is wielding a +0 dagger of venom.
Something hits you but does no damage. You block something's attack.
The warg barely misses you.
You closely miss the warg.
The warg is severely wounded.
You barely miss something. You miss something.
You completely miss the orc priest. You block the orc priest's attack.
Something hits you but does no damage. You block the warg's attack.
You slash the warg!
You kill the warg!
You closely miss something. You slash the orc priest!
You slash the orc warrior!
The orc priest looks satisfied for a moment.
The orc priest mumbles some strange prayers to Beogh against you.
Beogh smites you! You block something's attack.
6492 ||| READING 4 scrolls of teleportation.
As you read the scroll of teleportation, it crumbles to dust.
You feel strangely unstable.
The orc priest casts a cantrip, but nothing happens.
The orc wizard casts a spell.
The orc wizard flickers and vanishes!
Something hits you but does no damage.
You slash the orc priest!
You kill the orc priest!
You slash the orc warrior! You closely miss something. You miss something.
Something hits you but does no damage.
You hear some strange, mumbled words.
A magic dart appears from out of thin air!
The magic dart hits you but does no damage.
You slash the orc warrior!
The orc warrior is almost dead.
You hit something. You hit the orc priest. You closely miss something.
Your surroundings suddenly seem different.
An orc priest comes into view. It is wielding a +0 war axe.
The orc priest invokes the aid of Beogh against you.
Pain shoots through your body!
The orc priest mumbles some strange prayers to Beogh against you.
Beogh smites you!
You die...

.... ....
....... .....
.... .....#
..... .... .
....##....# ..
#..........
...##..o.......
...............
..............#
#.@.# ##..#
##+#


You could see an orc priest.

Vanquished Creatures
  Grinder (D:3)
  Sigmund (D:8)
  8 yaks
  2 wyverns
  A steam dragon (D:8)
  Edmund (D:3)
  A warg (D:10)
  2 water moccasins
  3 black bears
  An orc warrior (D:9)
  4 ogres
  2 centaurs (D:8)
  2 phantoms
  A kobold brigand (D:9)
  5 bullfrogs
  A gnoll sergeant (D:9)
  3 scorpions (D:6)
  7 wights
  5 killer bees (D:9)
  2 howler monkeys
  3 hounds
  A jelly (D:6)
  4 orc priests
  Natasha (thrice) (D:3)
  4 iguanas
  4 orc wizards
  8 gnolls
  9 adders
  A shadow imp (D:7)
  6 white imps
  An ufetubus (D:6)
  3 worms
  2 dart slugs
  34 orcs
  6 bats
  7 endoplasms
  4 giant cockroaches
  6 goblins
  10 hobgoblins
  7 jackals
  5 quokkas
  10 ball pythons
  5 frilled lizards
  8 kobolds
  13 rats
217 creatures vanquished.

Notes
Turn   | Place    | Note
-------+----------+-------------------------------------------
     0 | D:1      | qw the Gargoyle Fighter began the quest for the Orb.
     0 | D:1      | Reached XP level 1. HP: 14/14 MP: 1/1
     0 | D:1      | 0 ||| qw: Version: 0.3-a-7-ge0c9b40
     0 | D:1      | 0 ||| qw: Game counter: 769
     0 | D:1      | 0 ||| qw: Always use a shield: true
     0 | D:1      | 0 ||| qw: God list: Okawaru
     0 | D:1      | 0 ||| qw: Allow faded altars: false
     0 | D:1      | 0 ||| qw: Do Orc after D:15 true
     0 | D:1      | 0 ||| qw: Do second Lair branch before Depths: true
     0 | D:1      | 0 ||| qw: Lair rune preference: random
     0 | D:1      | 0 ||| qw: Plans: Normal, Zot:1-4, Slime:5, God:TSO, Crypt,
                  | Tomb, Abyss, Pan, Hells, Win
     0 | D:1      | 0 ||| PLANNING D:1-11
    46 | D:1      | 46 ||| Stepping ~*~*~tactically~*~*~ (stealth).
    50 | D:1      | Reached skill level 2 in Axes
   125 | D:1      | 125 ||| Stepping ~*~*~tactically~*~*~ (stealth).
   132 | D:1      | Reached XP level 2. HP: 13/19 MP: 2/2
   364 | D:1      | Reached skill level 3 in Axes
   486 | D:1      | Reached XP level 3. HP: 23/23 MP: 3/3
   510 | D:1      | 510 ||| Stepping ~*~*~tactically~*~*~ (stealth).
   628 | D:1      | 628 ||| UPGRADING to +0 helmet.
   633 | D:1      | 633 ||| UPGRADING to +0 chain mail.
   643 | D:1      | 643 ||| DROPPING +0 scale mail.
   644 | D:1      | 644 ||| READING 2 scrolls labelled VAKKA RICLOAF.
   645 | D:1      | 645 ||| READING scroll of enchant armour.
   645 | D:1      | 645 ||| ENCHANTING +0 helmet.
   646 | D:1      | 646 ||| READING 2 scrolls labelled SORPHO SOBONU.
   662 | D:2      | Reached skill level 1 in Throwing
   734 | D:2      | 734 ||| Stepping ~*~*~tactically~*~*~ (stealth).
   746 | D:2      | Reached XP level 4. HP: 9/28 MP: 4/4
   778 | D:2      | 778 ||| FLEEEEING.
   779 | D:2      | 779 ||| FLEEEEING.
   780 | D:2      | 780 ||| STAIRDANCE
   822 | D:1      | 822 ||| READING scroll labelled JETROULASM.
   823 | D:1      | 823 ||| DRINKING 2 purple potions.
   900 | D:2      | 900 ||| DROPPING +0 whip.
   983 | D:2      | Reached skill level 4 in Axes
  1244 | D:3      | Found a faded altar of an unknown god.
  1245 | D:3      | 1245 ||| Stepping ~*~*~tactically~*~*~ (hiding).
  1407 | D:3      | Reached XP level 5. HP: 32/32 MP: 5/5
  1449 | D:3      | 1449 ||| READING scroll of enchant armour.
  1449 | D:3      | 1449 ||| ENCHANTING +1 helmet.
  1581 | D:3      | Noticed Grinder
  1593 | D:3      | Paralysed by Grinder for 4 turns
  1603 | D:3      | Paralysed by Grinder for 3 turns
  1608 | D:3      | Killed Grinder
  1609 | D:3      | Reached skill level 5 in Axes
  1609 | D:3      | Reached XP level 6. HP: 26/37 MP: 6/6
  1734 | D:3      | Noticed Natasha
  1742 | D:3      | Killed Natasha
  1789 | D:3      | 1789 ||| Stepping ~*~*~tactically~*~*~ (stealth).
  1792 | D:3      | 1792 ||| Stepping ~*~*~tactically~*~*~ (stealth).
  1793 | D:3      | 1793 ||| Stepping ~*~*~tactically~*~*~ (stealth).
  1794 | D:3      | 1794 ||| Stepping ~*~*~tactically~*~*~ (stealth).
  1829 | D:3      | Noticed Natasha
  1830 | D:3      | 1830 ||| Stepping ~*~*~tactically~*~*~ (stealth).
  1831 | D:3      | 1831 ||| Stepping ~*~*~tactically~*~*~ (stealth).
  1832 | D:3      | 1832 ||| Stepping ~*~*~tactically~*~*~ (stealth).
  1869 | D:3      | 1869 ||| DROPPING +0 mace.
  1926 | D:3      | Found a runed translucent door.
  1927 | D:3      | Noticed Crazy Yiuf
  1967 | D:3      | Killed Natasha
  2002 | D:3      | 2002 ||| UPGRADING to +0 plate armour.
  2012 | D:3      | 2012 ||| DROPPING +0 chain mail.
  2013 | D:3      | 2013 ||| UPGRADING to amulet of regeneration.
  2018 | D:3      | 2018 ||| DROPPING amulet of guardian spirit.
  2019 | D:3      | 2019 ||| UPGRADING to +4 ring of protection.
  2020 | D:3      | 2020 ||| UPGRADING to +5 ring of evasion.
  2021 | D:3      | 2021 ||| READING scroll labelled MEP QA TIWAOM.
  2022 | D:3      | 2022 ||| READING 2 scrolls labelled QAMMABR YRADO.
  2023 | D:3      | 2023 ||| READING scroll labelled OWKINI JOUC.
  2024 | D:3      | 2024 ||| READING scroll labelled WUIHAJ VIRUL.
  2025 | D:3      | 2025 ||| READING scroll labelled CUIS EGIOWK.
  2026 | D:3      | 2026 ||| DRINKING 2 smoky black potions.
  2026 | D:3      | Gained mutation: You occasionally lose the ability to read
                  | scrolls when taking damage. [potion of mutation]
  2026 | D:3      | Gained mutation: Your natural rate of healing is unusually
                  | fast. [potion of mutation]
  2026 | D:3      | Gained mutation: You sometimes lose your temper in combat.
                  | [potion of mutation]
  2027 | D:3      | 2027 ||| DRINKING potion of mutation.
  2027 | D:3      | Lost mutation: You occasionally lose the ability to read
                  | scrolls when taking damage. [potion of mutation]
  2027 | D:3      | Lost mutation: You sometimes lose your temper in combat.
                  | [potion of mutation]
  2027 | D:3      | Lost mutation: Your natural rate of healing is unusually
                  | fast. [potion of mutation]
  2027 | D:3      | Gained mutation: You are dopey. (Int -2) [potion of
                  | mutation]
  2027 | D:3      | Gained mutation: Your spells are a little harder to cast,
                  | but a little more powerful. [potion of mutation]
  2028 | D:3      | 2028 ||| DRINKING 2 dark potions.
  2029 | D:3      | 2029 ||| DRINKING 2 fizzy black potions.
  2030 | D:3      | 2030 ||| DROPPING potion of brilliance.
  2069 | D:4      | Noticed Edmund
  2070 | D:4      | 2070 ||| PLANNING SEWER
  2077 | D:4      | Reached skill level 6 in Axes
  2077 | D:4      | 2077 ||| STAIRDANCE
  2087 | D:3      | Noticed Natasha
  2088 | D:3      | Killed Edmund
  2089 | D:3      | Reached XP level 7. HP: 27/43 MP: 7/7
  2091 | D:3      | Killed Natasha
  2108 | D:3      | 2108 ||| DROPPING +0 flail.
  2145 | D:3      | 2145 ||| DRINKING 2 viscous coppery potions.
  2146 | D:3      | 2146 ||| DROPPING potion of degeneration.
  2190 | D:4      | 2190 ||| READING scroll of enchant weapon.
  2190 | D:4      | 2190 ||| ENCHANTING +1 war axe.
  2228 | D:4      | 2228 ||| Stepping ~*~*~tactically~*~*~ (stealth).
  2304 | D:4      | Reached skill level 7 in Axes
  2344 | D:4      | 2344 ||| Stepping ~*~*~tactically~*~*~ (stealth).
  2344 | D:4      | You fall into a shaft and drop 3 floors!
  2376 | D:7      | Reached XP level 8. HP: 48/48 MP: 8/8
  2410 | D:7      | Found a shimmering blue altar of Sif Muna.
  2411 | D:7      | Found an ancient bone altar of Kikubaaqudgha.
  2411 | D:7      | Found a radiant altar of Vehumet.
  2530 | D:7      | 2530 ||| DROPPING +4 ring of slaying {mikee}.
  2559 | D:6      | Reached skill level 8 in Axes
  2566 | D:5      | Entered Level 5 of the Dungeon
  2626 | D:5      | Reached skill level 1 in Dodging
  2850 | D:4      | 2850 ||| RIP SEWER
  2851 | D:4      | 2851 ||| PLANNING D:1-11
  2915 | D:4      | 2915 ||| SWAPPING to +0 broad axe.
  2916 | D:4      | 2916 ||| DROPPING +2 war axe.
  2923 | D:4      | Reached skill level 6 in Fighting
  2929 | D:4      | Identified the +10 long sword "Resimme" {spect, +Blink rC+}
  2965 | D:4      | Found a staircase to the Ecumenical Temple.
  2966 | D:4      | 2966 ||| PLANNING TEMPLE
  2976 | Temple   | Entered the Ecumenical Temple
  3065 | Temple   | 3065 ||| PLANNING D:1-11
  3388 | D:5      | 3388 ||| Stepping ~*~*~tactically~*~*~ (stealth).
  3389 | D:5      | 3389 ||| Stepping ~*~*~tactically~*~*~ (stealth).
  3408 | D:5      | 3408 ||| READING scroll of enchant armour.
  3408 | D:5      | 3408 ||| ENCHANTING +0 plate armour.
  3525 | D:5      | 3525 ||| Stepping ~*~*~tactically~*~*~ (hiding).
  3769 | D:5      | 3769 ||| READING 2 scrolls labelled SOUDGHUWYS.
  3769 | D:5      | Identified 2 scrolls of acquirement
  3769 | D:5      | 3769 ||| ACQUIRING 844 gold pieces
  3769 | D:5      | Acquired 844 gold pieces
  3771 | D:5      | 3771 ||| READING scroll of acquirement.
  3771 | D:5      | 3771 ||| ACQUIRING 297 gold pieces
  3771 | D:5      | Acquired 297 gold pieces
  3773 | D:5      | 3773 ||| READING scroll labelled ZICUEF TUSUUTT.
  3774 | D:5      | 3774 ||| READING scroll labelled HENALU ZUUTTOHA.
  3775 | D:5      | 3775 ||| DRINKING 2 fizzy grey potions.
  3776 | D:5      | 3776 ||| DROPPING potion of invisibility.
  3840 | D:6      | Reached XP level 9. HP: 55/55 MP: 9/9
  3874 | D:6      | 3874 ||| READING scroll of enchant armour.
  3874 | D:6      | 3874 ||| ENCHANTING +1 plate armour.
  3899 | D:6      | 3899 ||| FLEEEEING.
  3900 | D:6      | 3900 ||| FLEEEEING.
  3901 | D:6      | 3901 ||| FLEEEEING.
  3904 | D:6      | 3904 ||| FLEEEEING.
  3905 | D:6      | 3905 ||| Stepping ~*~*~tactically~*~*~ (hiding).
  4039 | D:6      | 4039 ||| Stepping ~*~*~tactically~*~*~ (hiding).
  4040 | D:6      | 4040 ||| Stepping ~*~*~tactically~*~*~ (hiding).
  4067 | D:6      | 4067 ||| DROPPING +1 heavy flail.
  4144 | D:6      | Reached skill level 9 in Axes
  4282 | D:6      | 4282 ||| Stepping ~*~*~tactically~*~*~ (hiding).
  4570 | D:6      | 4570 ||| UPGRADING to +0 pair of gloves.
  4575 | D:6      | 4575 ||| UPGRADING to amulet of reflection.
  4585 | D:6      | 4585 ||| DROPPING amulet of regeneration.
  4586 | D:6      | 4586 ||| UPGRADING to +6 ring of strength.
  4588 | D:6      | 4588 ||| DROPPING +4 ring of protection.
  4589 | D:6      | 4589 ||| READING scroll labelled QEVEYM KOATOOTRA.
  4590 | D:6      | 4590 ||| READING scroll labelled SUAFOU RYAPLIT.
  4591 | D:6      | 4591 ||| DRINKING 2 fuming sapphire potions.
  4619 | D:6      | 4619 ||| READING 2 scrolls of identify.
  4619 | D:6      | 4619 ||| IDENTIFYING ruby potion
  4726 | D:7      | 4726 ||| READING scroll of enchant weapon.
  4726 | D:7      | 4726 ||| ENCHANTING +0 broad axe of protection.
  4808 | D:7      | 4808 ||| Stepping ~*~*~tactically~*~*~ (hiding).
  4862 | D:7      | 4862 ||| Stepping ~*~*~tactically~*~*~ (hiding).
  5153 | D:7      | 5153 ||| READING 3 scrolls of identify.
  5153 | D:7      | 5153 ||| IDENTIFYING red potion
  5154 | D:7      | 5154 ||| READING 2 scrolls of identify.
  5154 | D:7      | 5154 ||| IDENTIFYING cyan potion
  5155 | D:7      | 5155 ||| DROPPING potion of ambrosia.
  5191 | D:8      | Reached skill level 6 in Armour
  5209 | D:8      | 5209 ||| Stepping ~*~*~tactically~*~*~ (stealth).
  5212 | D:8      | 5212 ||| Stepping ~*~*~tactically~*~*~ (hiding).
  5245 | D:8      | 5245 ||| DROPPING +1 flail of protection.
  5382 | D:8      | Reached skill level 10 in Axes
  5385 | D:8      | Reached XP level 10. HP: 40/64 MP: 10/10
  5632 | D:8      | 5632 ||| Stepping ~*~*~tactically~*~*~ (hiding).
  5637 | D:8      | Noticed Sigmund
  5646 | D:8      | Killed Sigmund
  5678 | D:8      | Found a sparkling altar of Nemelex Xobeh.
  5679 | D:8      | 5679 ||| Stepping ~*~*~tactically~*~*~ (stealth).
  5682 | D:8      | 5682 ||| Stepping ~*~*~tactically~*~*~ (stealth).
  5688 | D:8      | 5688 ||| Stepping ~*~*~tactically~*~*~ (hiding).
  5689 | D:8      | 5689 ||| Stepping ~*~*~tactically~*~*~ (hiding).
  5847 | D:8      | 5847 ||| DROPPING ring of wizardry.
  5848 | D:8      | 5848 ||| READING scroll labelled MUYGGO JOYGH.
  5849 | D:8      | 5849 ||| DRINKING 2 inky potions.
  5850 | D:8      | 5850 ||| READING 2 scrolls of identify.
  5850 | D:8      | 5850 ||| IDENTIFYING yellow potion
  5909 | D:9      | Found Becede's Gadget Gallery.
  6046 | D:9      | 6046 ||| Stepping ~*~*~tactically~*~*~ (hiding).
  6169 | D:9      | 6169 ||| DRINKING potion of curing.
  6169 | D:9      | 6169 ||| (to cure confusion)
  6237 | D:9      | 6237 ||| Stepping ~*~*~tactically~*~*~ (hiding).
  6246 | D:9      | Reached skill level 11 in Axes
  6434 | D:9      | 6434 ||| UPGRADING to +2 buckler of protection.
  6444 | D:9      | 6444 ||| DROPPING +0 buckler.
  6445 | D:9      | 6445 ||| READING scroll labelled GUHEAP EKAF.
  6474 | D:10     | Entered Level 10 of the Dungeon
  6491 | D:10     | HP: 12/65 [orc priest/divine providence (16)]
  6492 | D:10     | 6492 ||| READING 4 scrolls of teleportation.
  6494 | D:10     | Killed from afar by an orc priest

Levels and vault maps discovered:
D:1:      dpeg_arrival_ratfight, layout_basic
D:2:      layout_rooms
D:3:      layout_rooms, shapermc_ecumenical_altar_venn,
          minmay_fractal_squares_gapless_5, uniq_grinder,
          uniq_crazy_yiuf_cottage, uniq_natasha
D:4:      layout_gridville, minmay_temple_entry_poolview,
          cheibrodos_sewer_entry_sluice, uniq_edmund
D:5:      layout_loops_ring
D:6:      layout_rooms, corexii_corridor_pit, minmay_quadrilaterals
D:7:      layout_basic, grunt_temple_overflow_magic_moments,
          dreamdust_princess_corridor
D:8:      layout_rooms, lemuel_round_altar, sigmund_army
D:9:      layout_cave_pools, nicolae_shop_gadgets
D:10:     layout_roguey, minitemple, erik_orc_4
Temple:   nicolae_temple_superstar

Skill      XL: |  1  2  3  4  5  6  7  8  9 10 |
---------------+-------------------------------+-----
Axes           | 2 3 4 5 6 7 8 10 11 | 11.0
Throwing       | 1 |  1.0
Fighting       | 4 6 7 8 |  8.6
Armour         | 4 5 6 7 |  7.0
Dodging        | 1 |  1.5
Shields        | 4 5 |  5.0

Action                     |  1- 3 |  4- 6 |  7- 9 | 10-12 || total
---------------------------+-------+-------+-------+-------++-------
  Melee: War axe           |    66 |   111 |   142 |       ||   319
         Broad axe         |       |       |   184 |   119 ||   303
  Throw: Javelin           |    34 |    18 |    14 |       ||    66
         Boomerang         |       |       |    84 |    16 ||   100
    Use: Scroll            |     3 |     7 |    13 |     4 ||    27
         Potion            |       |     5 |     3 |     2 ||    10
 Armour: Scale mail        |    24 |       |       |       ||    24
         Chain mail        |    22 |    63 |       |       ||    85
         Plate armour      |       |     3 |   189 |    73 ||   265
  Dodge: Dodged            |    31 |    41 |   160 |    62 ||   294
  Block: Buckler           |    16 |    17 |    66 |    95 ||   194
         Reflection        |       |       |       |     2 ||     2

Table legend:
 A = Non-vault XP
 B = Vault XP
 C = Vault XP percentage of total XP
 D = Non-vault monster count
 E = Vault monster count
 F = Vault count percentage of total count
                 A         B        C        D         E       F
            +---------+---------+-------+---------+---------+-------
      Total |    6739 |    1111 |  14.2 |     192 |      25 |  11.5
            +---------+---------+-------+---------+---------+-------
        D:1 |      35 |       5 |  12.5 |      24 |       5 |  17.2
        D:2 |     108 |       0 |   0.0 |      31 |       0 |   0.0
        D:3 |      95 |     478 |  83.4 |       8 |       7 |  46.7
        D:4 |     560 |       6 |   1.1 |      20 |       2 |   9.1
        D:5 |     269 |       0 |   0.0 |      19 |       0 |   0.0
        D:6 |     781 |     181 |  18.8 |      17 |       4 |  19.0
        D:7 |     915 |       0 |   0.0 |      24 |       0 |   0.0
        D:8 |    1825 |     240 |  11.6 |      17 |       5 |  22.7
        D:9 |    2110 |       0 |   0.0 |      31 |       0 |   0.0
       D:10 |      41 |     201 |  83.1 |       1 |       2 |  66.7
            +---------+---------+-------+---------+---------+-------
